 Dungeon Crawl Stone Soup version 0.19.0-20-gbc5f0c6 (webtiles) character file.

19188 Kenran the Grappler (level 12, -2/112 HPs)
             Began as a Ghoul Berserker on Nov 16, 2016.
             Was a High Priest of Trog.
             Killed from afar by Harold (30 damage)
             ... with a bolt of fire
             ... on level 1 of the Lair of Beasts.
             The game lasted 00:23:28 (9097 turns).

Kenran the Grappler (Ghoul Berserker)               Turns: 9097, Time: 00:23:29

Health: -2/112     AC: 17    Str: 21    XL:     12   Next: 66%
Magic:  11/11      EV:  8    Int:  3    God:    Trog [*****.]
Gold:   437        SH:  4    Dex: 16    Spells: 0 memorised, 11 levels left

rFire  . . .     SeeInvis .       - Unarmed
rCold  + . .     Gourm    .     E - +0 plate armour
rNeg   + + +     Faith    .     (no shield)
rPois  ∞         Spirit   .     (no helmet)
rElec  .         Reflect  +     h - +0 cloak
rCorr  .         Harm     .     (no gloves)
MR     .....                    i - +2 pair of boots
Stlth  ..........               p - +4 amulet of reflection
                                s - +4 ring of dexterity
                                k - +3 ring of slaying

@: rotting
A: rotting body, claws 1, carnivore 3, cold resistance 1, negative energy
resistance 3, slow regeneration 1, torment resistance, unbreathing
a: Trog's Hand, Brothers in Arms, Burn Spellbooks, Renounce Religion


You were on level 1 of the Lair of Beasts.
You worshipped Trog.
Trog was extremely pleased with you.
You were not hungry.

You visited 2 branches of the dungeon, and saw 11 of its levels.

You collected 497 gold pieces.
You spent 60 gold pieces at shops.

Inventory:

Missiles
 a - 309 stones (quivered)
Armour
 h - a +0 cloak (worn)
 i - a +2 pair of boots (worn)
 E - a +0 plate armour (worn)
Jewellery
 k - a +3 ring of slaying (left claw)
 p - a +4 amulet of reflection (around neck)
 s - a +4 ring of dexterity (right claw)
 I - an uncursed amulet of magic regeneration {unknown}
Wands
 t - a wand of slowing (18/48)
 x - a wand of disintegration (17/24)
 y - a wand of random effects (17/48)
 C - a wand of paralysis (2/24)
 D - a wand of enslavement (11/24)
 H - a wand of confusion (25/48)
 J - a wand of flame (7/48)
Scrolls
 f - a scroll of noise {!r}
 o - 3 scrolls of recharging
 q - 9 scrolls of remove curse {@r2}
 r - 2 scrolls of fog
 u - a scroll of immolation {unknown}
 v - a scroll of fear
 F - a scroll of summoning
 G - a scroll of vulnerability {unknown}
Potions
 c - 3 potions of brilliance
 e - 2 potions of agility {@q5}
 g - 2 potions of curing {@q1}
 j - 3 potions of cancellation {@q6}
 l - a potion of resistance {unknown}
 m - 2 potions of ambrosia {unknown}
 n - a potion of magic {unknown}
 w - a potion of lignification {unknown}
 z - a potion of flight
 A - a potion of haste {@q3}
 B - 2 potions of degeneration {unknown}
Comestibles
 b - 4 meat rations {@e1}
 d - 9 chunks of flesh


   Skills:
 + Level 12.3 Fighting
 - Level 7.1 Throwing
 - Level 7.0 Armour
 - Level 3.6 Dodging
 - Level 14.2 Unarmed Combat


You had 11 spell levels left.
You didn't know any spells.

Dungeon Overview and Level Annotations

Branches:
Dungeon (9/15)             Temple (0/1) D:4            Lair (2/6) D:9
    Orc (0/2) D:9
  Swamp: Lair:2-4    Shoals: Lair:2-4     Snake: Lair:2-4    Spider: Lair:2-4

Altars:
Cheibriados
Fedhas
Hepliaklqana
Makhleb
Ru

Shops:
D:5 [   D:7 ?*!?   D:9 ?

Annotations:
Lair:1 Harold


Innate Abilities, Weirdness & Mutations

Your body is rotting away.
You thrive on raw meat.
You are immune to poison.
You have sharp fingernails.
You are carnivorous and can eat meat at any time.
Your flesh is cold resistant. (rC+)
You are immune to negative energy. (rN+++)
You regenerate slowly when monsters are visible.
You are immune to unholy pain and torment.
You can survive without breathing.


Message History

The worker ant dies!
Harold closely misses you.
There is a stone staircase leading up here.
Harold hits you but does no damage.
You climb upwards.
There is a stone staircase leading down here.
You scratch Harold but do no damage. You mangle Harold!!
Harold is moderately wounded.
Harold casts a spell at you. The bolt of fire hits you!
* * * LOW HITPOINT WARNING * * *
You are too injured to fight recklessly!
You are too injured to fight recklessly!
Okay, then.
You claw Harold!
Harold is heavily wounded.
Harold casts a spell at you. The bolt of fire hits you!
You die...

....###.#....#.#.......#
....#....#....##.......##
#(.........##..#.......P#
#...⌠...⌠...#..#.......##
#.....>...........#P##.#
....⌠...⌠........#####.#
##.........##..#.# #.#
...##...##.....#@# ##.#
....#..#.....###@## #..#
#..........#####..####.#
.###......#............##
....##..##.............P#
........................#
.......................##
......>................#
.......................#
###.####P##.#####..#####


You could see Harold.

Vanquished Creatures
  3 hydras
  Erica (D:8)
  A queen ant (Lair:2)
  The ghost of Vesto the Stinger, a novice NaVM of Vehumet (Lair:1)
  Pikel (D:6)
  2 black mambas
  Joseph (D:7)
  3 spiny frogs
  A komodo dragon (Lair:1)
  A rime drake (Lair:1)
  Prince Ribbit (D:5)
  A two-headed ogre (D:8)
  10 blink frogs (Lair:1)
  2 hippogriffs
  A wyvern (D:9)
  7 yaks
  A hungry ghost (D:7)
  Edmund (D:6)
  20 soldier ants (Lair:2)
  2 water moccasins (Lair:1)
  2 porcupines (Lair:1)
  5 orc warriors (D:9)
  Purgy (D:3)
  A black bear (D:9)
  A sky beast (D:5)
  2 ice beasts
  A necrophage (D:8)
  5 ogres
  A centaur (D:7)
  2 crocodiles
  2 big kobolds (D:7)
  9 bullfrogs
  A gnoll sergeant (D:4)
  7 killer bees (D:9)
  2 scorpions
  3 howler monkeys
  3 electric eels
  3 crimson imps
  A quasit (D:5)
  2 bullfrog zombies
  2 hounds
  4 orc priests
  A jelly (D:8)
  2 bullfrog skeletons
  A centaur skeleton (D:5)
  An iguana (D:4)
  8 orc wizards
  26 worker ants
  A hound zombie (D:7)
  A hound skeleton (D:4)
  A worker ant zombie (D:6)
  8 adders
  7 gnolls (D:4)
  A shadow imp (D:6)
  An adder skeleton (D:6)
  An adder zombie (D:8)
  3 worms
  3 dart slugs
  2 leopard geckos (D:1)
  38 orcs
  3 ball pythons
  5 giant cockroaches
  4 goblins
  8 hobgoblins
  20 jackals
  4 quokkas
  14 bats
  7 frilled lizards
  18 kobolds
  A leopard gecko zombie (D:6)
  A quokka skeleton (D:7)
  6 rats
318 creatures vanquished.

Vanquished Creatures (collateral kills)
  A hydra (Lair:1)
  A komodo dragon (Lair:1)
  4 blink frogs (Lair:1)
6 creatures vanquished.

Vanquished Creatures (others)
  A howler monkey (D:6)
  A crimson imp (D:6)
  A worker ant (Lair:2)
  An orc (D:6)
  A fungus (Lair:1)
  2 plants (Lair:1)
7 creatures vanquished.

Grand Total: 331 creatures vanquished

Notes
Turn   | Place    | Note
-------+----------+-------------------------------------------
     0 | D:1      | Kenran the Ghoul Berserker began the quest for the Orb.
     0 | D:1      | Reached XP level 1. HP: 19/19 MP: 0/0
   318 | D:1      | Reached XP level 2. HP: 24/26 MP: 1/1
   319 | D:1      | Reached skill level 4 in Unarmed Combat
  1049 | D:2      | Reached XP level 3. HP: 29/29 MP: 2/2
  1425 | D:2      | Reached ** piety under Trog
  1557 | D:2      | Reached skill level 5 in Unarmed Combat
  1591 | D:2      | Reached XP level 4. HP: 38/38 MP: 3/3
  1814 | D:2      | Found a blossoming altar of Fedhas.
  2088 | D:3      | Reached skill level 6 in Unarmed Combat
  2103 | D:3      | Reached XP level 5. HP: 45/45 MP: 4/4
  2419 | D:3      | Noticed Purgy
  2431 | D:3      | Killed Purgy
  2431 | D:3      | Reached skill level 7 in Unarmed Combat
  2431 | D:3      | Reached XP level 6. HP: 46/51 MP: 5/5
  2615 | D:3      | Reached *** piety under Trog
  2827 | D:4      | Reached skill level 8 in Unarmed Combat
  2885 | D:4      | Reached XP level 7. HP: 50/57 MP: 6/6
  2889 | D:4      | Found a staircase to the Ecumenical Temple.
  3028 | D:4      | Found a snail-covered altar of Cheibriados.
  3169 | D:5      | Entered Level 5 of the Dungeon
  3169 | D:5      | Found Olephes's Antique Armour Shoppe.
  3177 | D:5      | Noticed Prince Ribbit
  3193 | D:5      | Killed Prince Ribbit
  3193 | D:5      | Reached XP level 8. HP: 49/63 MP: 7/7
  3233 | D:5      | Reached skill level 5 in Armour
  3462 | D:5      | Found a sacrificial altar of Ru.
  3475 | D:5      | Reached **** piety under Trog
  3607 | D:5      | Reached skill level 9 in Unarmed Combat
  3757 | D:5      | Found a burning altar of Makhleb.
  3757 | D:5      | Found a hazy altar of Hepliaklqana.
  4052 | D:6      | Noticed Pikel
  4080 | D:6      | Killed Pikel
  4080 | D:6      | Reached skill level 10 in Unarmed Combat
  4080 | D:6      | Reached XP level 9. HP: 61/69 MP: 8/8
  4122 | D:6      | Reached skill level 11 in Unarmed Combat
  4526 | D:6      | Noticed Edmund
  4531 | D:6      | Killed Edmund
  4771 | D:7      | Noticed Joseph
  4787 | D:7      | Killed Joseph
  4787 | D:7      | Reached skill level 5 in Fighting
  4814 | D:7      | Found Atistuga's Distillery.
  4834 | D:7      | Reached ***** piety under Trog
  4847 | D:7      | Bought a potion of heal wounds for 60 gold pieces
  4896 | D:7      | Found Jyotyf's Magic Scroll Boutique.
  4971 | D:7      | Found Zuocuck's Assorted Antiques.
  4984 | D:7      | Found Nanoch's Magic Scroll Emporium.
  5809 | D:7      | Reached XP level 10. HP: 88/90 MP: 9/9
  6171 | D:8      | Reached skill level 12 in Unarmed Combat
  6513 | D:8      | Noticed Erica
  6522 | D:8      | Killed Erica
  6727 | D:9      | Found Wiexus's Magic Scroll Emporium.
  6748 | D:9      | Noticed a five-headed hydra
  6779 | D:8      | Reached skill level 13 in Unarmed Combat
  6783 | D:8      | Killed a five-headed hydra
  6946 | D:9      | Reached skill level 14 in Unarmed Combat
  7052 | D:9      | Reached XP level 11. HP: 82/94 MP: 10/10
  7122 | D:9      | Found a staircase to the Lair.
  7206 | D:9      | Reached ****** piety under Trog
  7489 | D:9      | Received a gift from Trog
  7538 | D:9      | Found a staircase to the Orcish Mines.
  7786 | Lair:1   | Entered Level 1 of the Lair of Beasts
  7811 | Lair:1   | Reached skill level 10 in Fighting
  7950 | Lair:1   | Noticed Vesto's ghost (novice NaVM)
  7971 | Lair:1   | Killed Vesto's ghost
  8055 | Lair:1   | Reached skill level 1 in Throwing
  8354 | Lair:1   | Noticed a seven-headed hydra
  8364 | Lair:1   | Killed a seven-headed hydra
  8364 | Lair:1   | Reached skill level 5 in Throwing
  8364 | Lair:1   | Reached XP level 12. HP: 70/106 MP: 11/11
  8386 | Lair:1   | Noticed a five-headed hydra
  8401 | Lair:1   | HP: 4/106 [five-headed hydra (10)]
  8408 | Lair:1   | Killed a five-headed hydra
  8409 | Lair:1   | HP: 4/106 [blink frog (1)]
  8759 | Lair:2   | Received a gift from Trog
  8817 | Lair:2   | Noticed a queen ant
  8835 | Lair:2   | Killed a queen ant
  9034 | Lair:2   | Noticed a five-headed hydra
  9042 | Lair:2   | Killed a five-headed hydra
  9079 | Lair:2   | Noticed Harold
  9097 | Lair:1   | Killed from afar by Harold

Skill      XL: |  1  2  3  4  5  6  7  8  9 10 11 12 |
---------------+-------------------------------------+-----
Unarmed Combat | 4 5 6 7 8 10 11 14 | 14.2
Armour         | 2 4 5 7 |  7.0
Dodging        | 3 |  3.6
Fighting       | 8 10 12 | 12.3
Throwing       | 5 7 |  7.1

Action                   |  1- 3 |  4- 6 |  7- 9 | 10-12 || total
-------------------------+-------+-------+-------+-------++-------
Melee: Unarmed           |   138 |   171 |   315 |   513 ||  1137
       Punch             |     3 |     5 |     9 |    30 ||    47
Invok: Burn Spellbooks   |       |       |     2 |       ||     2
       Brothers in Arms  |       |       |       |     2 ||     2
  Use: Scroll            |     5 |     6 |     4 |     9 ||    24
       Potion            |       |       |       |     3 ||     3
 Stab: Paralysed         |       |       |     1 |       ||     1
       Distracted        |       |       |       |     1 ||     1
  Eat: Chunk             |     4 |    10 |    36 |    79 ||   129
       Pizza             |       |       |     1 |       ||     1
Armor: Ring mail         |    24 |       |       |       ||    24
       Scale mail        |    42 |    22 |       |       ||    64
       Chain mail        |       |    76 |   188 |   108 ||   372
       Plate armour      |       |       |       |   162 ||   162
Dodge: Dodged            |    79 |    72 |   131 |   183 ||   465
Block: Other             |       |       |       |    42 ||    42
